 Dungeon Crawl Stone Soup version 0.32-a0-128-g77eb882913 (webtiles) character file.

Game seed: 10114869750355540605

105 pokeman the Magician (level 4, 0/37 HPs)
             Began as a Deep Elf Hedge Wizard on Feb 7, 2024.
             Succumbed to poison
             ... on level 3 of the Dungeon.
             The game lasted 00:05:06 (2612 turns).

pokeman the Magician (Deep Elf Hedge Wizard)        Turns: 2612, Time: 00:05:06

Health: 0/37       AC:  4    Str:  7    XL:     4   Next: 54%
Magic:  2/13       EV: 12    Int: 21    God:
Gold:   146        SH:  0    Dex: 14    Spells: 5/14 levels left

rFire   . . .        i - +2 dagger (venom)
rCold   . . .        (no shield)
rNeg    . . .        b - +0 robe
rPois   .            n - +2 hat
rElec   .            (no cloak)
rCorr   .            (no gloves)
SInv    .            (no boots)
Will    .....        (no amulet) Stlth
                     (no ring)
HPRegen 0.26/turn    (no ring)
MPRegen 0.13/turn

%: no passive effects
@: berserking (expiring), lethally poisoned (0 -> -1), very slightly
contaminated, very quick
A: no striking features
a: no special abilities


You were on level 3 of the Dungeon.
You visited 1 branch of the dungeon, and saw 3 of its levels.

You collected 146 gold pieces.

Inventory:

Hand Weapons
 i - a +2 dagger of venom (weapon)
Armour
 b - a +0 robe (worn)
 n - a +2 hat (worn)
Scrolls
 a - a scroll of poison {unknown}
 h - 5 scrolls of identify {unknown}
 j - a scroll of fog {unknown}
 k - a scroll of enchant armour {unknown}
 l - a scroll of vulnerability {unknown}
Potions
 d - a potion of magic
 f - 2 potions of curing {unknown}
 g - 2 potions of brilliance {unknown}
 m - a potion of degeneration {unknown}


   Skills:
 - Level 1.0 Fighting
 - Level 1.0 Armour
 + Level 2.8 Dodging
 + Level 2.8 Stealth
 * Level 5.8 Spellcasting
 + Level 2.3 Conjurations
 - Level 1.1 Summonings
 - Level 1.1 Translocations


You had 5 spell levels left.
You knew the following spells:

 Your Spells              Type           Power      Damage    Failure   Level
a - Magic Dart            Conj           64%        1d6       3%          1
b - Mephitic Cloud        Conj/Alch/Air  9%         N/A       22%         3
c - Call Imp              Summ           20%        N/A       10%         2
d - Blink                 Tloc           20%        N/A       10%         2
e - Slow                  Hex            24%        N/A       10%         1

Your spell library contained the following spells:

 Spells                   Type           Power      Damage    Failure   Level
 Momentum Strike          Conj/Tloc      26%        3d8       8%          2
 Lesser Beckoning         Tloc           20%        N/A       10%         2
 Cigotuvi's Dreadful Rot  Necr/Alch/Air  12%        N/A       16%         2
 Ensorcelled Hibernation  Hex/Ice        12%        N/A       16%         2
 Passwall                 Erth           6%         N/A       30%         3
 Swiftness                Air            6%         N/A       30%         3


Dungeon Overview and Level Annotations

Branches:
Dungeon (3/15)

Altars:
Trog


Message History

You feel very sick.
The orc is engulfed in noxious fumes.
The orc appears confused.
The orc closely misses the orc.
You feel sick.
The orc is engulfed in noxious fumes.
The orc appears confused.
You feel sick.
The orc is engulfed in noxious fumes.
The orc appears confused.
You hit the orc.
You kill the orc!
You feel sick.
The orc zaps a wand.
The puff of flame hits you.
* * * LOW HITPOINT WARNING * * *
Unknown command.
Casting: Mephitic Cloud (extremely dangerous; 22% risk of failure)
Confirm with . or Enter, or press ? or * to list all spells.
Aiming: Mephitic Cloud (extremely dangerous; 22% risk of failure)
Press: ? - help, Shift-Dir - straight line, f - orc
Aim: an orc, wielding a +0 hand axe and carrying a wand of flame (chance to affect: 96%)
The ball explodes into a vile cloud!
The stinking cloud engulfs the orc. x2
* * * LOW HITPOINT WARNING * * *
You feel sick.
The orc is engulfed in noxious fumes.
The orc appears confused.
The orc is engulfed in noxious fumes.
The orc appears confused.
Unknown command.
It was a potion of berserk rage.
A red film seems to cover your vision as you go berserk!
You feel yourself moving faster!
You feel mighty!
* * * LOW HITPOINT WARNING * * *
You feel sick.
The orc is engulfed in noxious fumes.
The orc appears confused.
The orc is engulfed in noxious fumes.
You are too berserk!
You hit the orc.
The orc is poisoned.
The orc is severely wounded.
* * * LOW HITPOINT WARNING * * *
You feel sick.
You barely miss the orc.
The orc is severely wounded.
The orc hits you but does no damage.
The orc is engulfed in noxious fumes.
The orc appears confused.
You hit the orc.
You kill the orc!
* * * LOW HITPOINT WARNING * * *
You feel sick.
The orc is engulfed in noxious fumes.
The orc appears confused.
You die...

## ### .# #..
.#.# ######.#
#......########
#..............
#$.###<########
#..###.#
#@...#..
#.##.#### #)#
.# #○# # #o#
#○# #o# #.# #..


You could see 2 orcs.

Vanquished Creatures
  An orc wizard (D:3)
  An adder (D:2)
  5 ribbon worms (D:2)
  2 orcs (D:3)
  5 bats
  11 endoplasms
  2 hobgoblins
  5 quokkas
  A ball python (D:2)
  5 frilled lizards
  5 goblins
  4 kobolds
  3 rats
50 creatures vanquished.

Vanquished Creatures (collateral kills)
  A ribbon worm (D:2)
  A hobgoblin (D:2)
  A kobold (D:2)
3 creatures vanquished.

Grand Total: 53 creatures vanquished

Notes
Turn   | Place    | Note
-------+----------+-------------------------------------------
     0 | D:1      | pokeman the Deep Elf Hedge Wizard began the quest for the
                  | Orb.
     0 | D:1      | Reached XP level 1. HP: 10/10 MP: 7/7
   283 | D:1      | Reached XP level 2. HP: 15/15 MP: 5/9
  1138 | D:2      | Reached skill level 5 in Spellcasting
  1404 | D:2      | Reached XP level 3. HP: 20/20 MP: 1/11
  1406 | D:2      | Learned a level 1 spell: Slow
  1410 | D:2      | Learned a level 3 spell: Mephitic Cloud
  1413 | D:2      | Learned a level 2 spell: Blink
  1416 | D:2      | Learned a level 2 spell: Call Imp
  1554 | D:2      | Reached skill level 1 in Armour
  1700 | D:2      | Reached skill level 1 in Fighting
  2108 | D:2      | Reached XP level 4. HP: 16/25 MP: 9/13
  2209 | D:2      | Found a bloodstained altar of Trog.
  2611 | D:3      | HP: 1/37 [poison]
  2612 | D:3      | Succumbed to poison

Illustrated notes

Levels and vault maps discovered:
D:1:      dpeg_arrival_central, layout_loops_ring, minmay_misc_feat_square
D:2:      layout_loops_cross, basic_altar, minmay_pentomino_pile
D:3:      layout_loops_ring, mainiacjoe_overflow_paths,
          lemuel_coloured_pillars_altar, serial_shops, shop,
          ebering_ecumenical_altar_petrified, nicolae_shop_unique_rings,
          uniq_ijyb, uniq_grinder, uniq_terence, uniq_crazy_yiuf_cottage

Skill      XL: |  1  2  3 |
---------------+----------+-----
Spellcasting   | 5 |  5.8
Armour         | 1 |  1.0
Conjurations   | 2 |  2.3
Fighting       | 1 |  1.0
Dodging        | |  2.8
Stealth        | |  2.8
Summonings     | |  1.1
Translocations | |  1.1

Action                     |  1- 3 |  4- 6 || total
---------------------------+-------+-------++-------
  Melee: Dagger            |    42 |    13 ||    55
         Punch             |       |     1 ||     1
   Cast: Magic Dart        |    93 |    11 ||   104
         Mephitic Cloud    |     4 |     4 ||     8
         Call Imp          |     1 |       ||     1
    Use: Potion            |       |     1 ||     1
   Stab: Confused          |     2 |     1 ||     3
 Armour: Robe              |    30 |     8 ||    38
  Dodge: Dodged            |    26 |     5 ||    31

Table legend: (Time is in decaauts)
 A = Elapsed time spent in this place.
 B = Non-inter-level travel time spent in this place.
 C = Inter-level travel time spent in this place.
 D = Time resting spent in this place.
 E = Time spent auto-exploring this place.
 F = Levels seen in this place.
 G = Mean time per level.
                   A        B        C        D        E       F      G
               +--------+--------+--------+--------+--------+-----+--------+
         Total |   2610 |   2479 |    131 |    100 |   2031 |   3 |  870.0 |
       Dungeon |   2610 |   2479 |    131 |    100 |   2031 |   3 |  870.0 |
               +--------+--------+--------+--------+--------+-----+--------+

Top non-repeatable levels by time:
     D:1: 1348 daAuts
     D:2: 1237 daAuts
     D:3: 24 daAuts
